[Event "ICC tourney 1904 (10 3)"]
[Site "Internet Chess Club"]
[Date "2020.07.05"]
[Round "1"]
[White "Knightboy123"]
[Black "NonnaThat"]
[Result "0-1"]
[ICCResult "White forfeits on time"]
[WhiteElo "1284"]
[BlackElo "1856"]
[Opening "Sicilian: Najdorf, Lipnitzky attack"]
[ECO "B86"]
[NIC "SI.13"]
[Time "12:08:30"]
[TimeControl "600+3"]

1. e4 c5 2. Nf3 d6 3. d4 cxd4 4. Nxd4 Nf6 5. Nc3 a6 6. Bc4 e6 7. Bb3 Be7 8.
O-O O-O 9. Bg5 b5 10. Re1 Bb7 11. Bxe6 fxe6 12. Nxe6 Qd7 13. Nxf8 Kxf8 14.
Bxf6 Bxf6 15. e5 Bxe5 16. Nd5 Qd8 17. Nc3 Qg5 18. Ne4 Qg6 19. Qf3+ Qf7 20.
Qxf7+ Kxf7 21. c3 Nd7 22. Rad1 Bxe4 23. Rxe4 Nc5 24. Rh4 h6 25. Rh3 Ne6 26.
Rf3+ Ke7 27. Rfd3 Nf4 28. Re3 Rf8 29. Rde1 Nd5 30. Rd3 Ke6 31. g3 g5
{White forfeits on time}
0-1

[Event "ICC tourney 1904 (10 3)"]
[Site "Internet Chess Club"]
[Date "2020.07.05"]
[Round "1"]
[White "shamith"]
[Black "Harbingerman"]
[Result "1-0"]
[ICCResult "Black resigns"]
[WhiteElo "1290"]
[BlackElo "931"]
[Opening "English: Caro-Kann defensive system"]
[ECO "A11"]
[NIC "EO.64"]
[Time "12:08:22"]
[TimeControl "600+3"]

1. c4 c6 2. e3 d5 3. Nf3 Bg4 4. b3 e5 5. Be2 Nd7 6. d4 e4 7. Nfd2 Bxe2 8.
Qxe2 f5 9. Nc3 Ndf6 10. Bb2 Bb4 11. a3 Bxc3 12. Bxc3 Ne7 13. O-O Qd7 14.
Rac1 O-O 15. Bb4 Rf7 16. Bxe7 Qxe7 17. b4 Rc8 18. cxd5 Nxd5 19. Nc4 Qd8 20.
Ne5 Rf6 21. Rc4 a6 22. Rfc1 b5 23. Rc5 Ra8 24. Rxc6 Rxc6 25. Rxc6 Qe8 26.
Qa2 a5 27. Qxd5+ Kh8 28. Nf7+ Qxf7 29. Qxf7 Rg8 30. bxa5 {Black resigns} 1-0

[Event "ICC tourney 1904 (10 3)"]
[Site "Internet Chess Club"]
[Date "2020.07.05"]
[Round "1"]
[White "ullchen"]
[Black "spaceegg"]
[Result "1-0"]
[ICCResult "Black checkmated"]
[WhiteElo "1574"]
[BlackElo "1331"]
[Opening "Philidor's defense"]
[ECO "C41"]
[NIC "KP.10"]
[Time "12:08:32"]
[TimeControl "600+3"]

1. e4 e5 2. Nf3 d6 3. c3 a6 4. d4 Nd7 5. Bd3 h6 6. O-O Ngf6 7. h3 c6 8. Nbd2
Be7 9. Re1 g5 10. Nf1 g4 11. hxg4 Nxg4 12. N1h2 Ndf6 13. Be3 Be6 14. Nxg4
Bxg4 15. Qd2 Bxf3 16. gxf3 Rg8+ 17. Kf1 Qd7 18. Ke2 d5 19. dxe5 Nh5 20. Rh1
dxe4 21. Bxe4 O-O-O 22. Qxd7+ Rxd7 23. Bf5 Ng7 24. Bxd7+ Kxd7 25. Rxh6 Nf5
26. Rd1+ Kc7 27. Rh7 Rf8 28. e6 f6 29. Rd7+ Kc8 30. Rhxe7 Nxe7 31. Rxe7 Rd8
32. Rd7 Rxd7 33. exd7+ Kxd7 34. Bd4 f5 35. f4 Ke6 36. Kd3 Kd5 37. b3 a5 38.
a4 c5 39. Be3 b6 40. c4+ Kc6 41. f3 Kd6 42. Bf2 Kc6 43. Bh4 Kd7 44. Ke2 Kc6
45. Bd8 Kb7 46. Kf2 Kc6 47. Kg3 Kb7 48. Kh4 Kc6 49. Kg5 Kb7 50. Kxf5 Kc6 51.
Ke5 Kb7 52. f5 Kc6 53. Ke6 Kb7 54. f6 Kc6 55. f7 Kb7 56. f8=Q Kc6 57. Qd6+
Kb7 58. Qc7+ Ka6 59. Qxb6# {Black checkmated} 1-0

[Event "ICC tourney 1904 (10 3)"]
[Site "Internet Chess Club"]
[Date "2020.07.05"]
[Round "1"]
[White "LeGoat"]
[Black "Adhvaith0406"]
[Result "0-1"]
[ICCResult "White resigns"]
[WhiteElo "1659"]
[BlackElo "1397"]
[Opening "Sicilian: Najdorf, Byrne (English) attack"]
[ECO "B90"]
[NIC "SI.14"]
[Time "12:08:20"]
[TimeControl "600+3"]

1. e4 c5 2. Nf3 d6 3. d4 cxd4 4. Nxd4 Nf6 5. Nc3 a6 6. Be3 e5 7. Nf3 Be7 8.
Be2 O-O 9. O-O h6 10. Nd2 Be6 11. Bc4 b5 12. Bb3 Nbd7 13. f4 exf4 14. Bxf4
Ne5 15. h3 Qc7 16. Nd5 Bxd5 17. exd5 Nxd5 18. Bg3 Ne3 19. Qe2 Nxf1 20. Rxf1
Kh8 21. Ne4 f5 22. Nc3 Nc4 23. Kh2 Bf6 24. Nd5 Qc5 25. Nf4 Be5 26. Ng6+ Kh7
27. Nxf8+ Rxf8 28. c3 Bxg3+ 29. Kxg3 Qe5+ 30. Qxe5 dxe5 31. Rf2 g5 32. Bc2
Kg6 33. Kh2 Nxb2 34. g4 Nc4 35. Bxf5+ Kg7 36. Rf3 Nd6 37. Kg3 Nxf5+ 38. gxf5
Kf6 39. Kg4 Rd8 40. Kh5 e4 41. Rf1 e3 42. Kxh6 e2 43. Re1 Re8 44. Kh5 Kxf5
45. Kh6 Kf4 46. Kg7 Kf3 47. Kf7 Re3 48. Kf6 Kf2 {White resigns} 0-1

[Event "ICC tourney 1904 (10 3)"]
[Site "Internet Chess Club"]
[Date "2020.07.05"]
[Round "1"]
[White "wildrumpus"]
[Black "NSXchessplayer"]
[Result "1/2-1/2"]
[ICCResult "Game drawn by repetition"]
[WhiteElo "1308"]
[BlackElo "1390"]
[Opening "Queen's pawn game"]
[ECO "D00"]
[NIC "QP.08"]
[Time "12:08:31"]
[TimeControl "600+3"]

1. d4 d5 2. e3 Nf6 3. Nd2 e6 4. Bd3 c5 5. c3 Nc6 6. f4 a6 7. Ngf3 b5 8. O-O
Bb7 9. Ne5 Rc8 10. Qf3 Be7 11. g4 g6 12. g5 Nh5 13. Qh3 Nxe5 14. fxe5 Bxg5
15. Nf3 O-O 16. Kh1 Qe7 17. Rg1 h6 18. Nxg5 hxg5 19. Bd2 Kg7 20. Rg2 Rh8 21.
Rag1 Nf4 22. Qxh8+ Rxh8 23. exf4 gxf4 24. Bxf4 Kf8 25. Bg5 Qc7 26. Rf1 Ke8
27. Rgf2 Rh7 28. Bxg6 Rg7 29. Bxf7+ Rxf7 30. Rxf7 Qxf7 31. Rxf7 Kxf7 32. Bf6
c4 33. Kg2 Kg6 34. Kg3 Kh5 35. Kf4 Bc6 36. Be7 Be8 37. a3 a5 38. Bd8 a4 39.
Be7 Bg6 40. Bf6 Bf5 41. h4 Bh7 42. Bg5 Bf5 43. Ke3 Kg4 44. Bf6 Be4 45. Bg5
Bc2 46. Bf6 Bg6 47. Bg5 Bh7 48. Bf6 Bb1 49. Bg5 Ba2 50. Bf6 Bb1 51. Bg5 Kg3
52. h5 Kg4 53. Bf6 Kxh5 54. Kf4 Bf5 55. Be7 Bh3 56. Bf6 Bf5 57. Be7 Bc2 58.
Bf6 Kg6 59. Bg5 Bf5 60. Bf6 Kh5 61. Be7 Bh7 62. Bf6 Bg8 63. Be7 Bf7 64. Bf6
Bg6 65. Be7 Bb1 66. Bf6 Kg6 67. Bg5 Bc2 68. Bf6 Bd1 69. Bg5 Bh5 70. Bf6 Be2
71. Bg5 Bf1 72. Bf6 Bg2 73. Bg5 Be4 74. Bf6 Bh1 75. Bg5 Bg2 76. Bf6 Bh3 77.
Bg5 Kf7 78. Bf6 Kg6 79. Bg5 Bf1 80. Bf6 Be2 81. Bg5 Bd1 82. Bf6 Bb3 83. Bg5
Ba2 84. Bf6 Bb1 85. Bg5 Bf5 86. Bf6 Bc2 87. Bg5 Bd3 88. Bf6 Be2
{Game drawn by repetition}
1/2-1/2

[Event "ICC tourney 1904 (10 3)"]
[Site "Internet Chess Club"]
[Date "2020.07.05"]
[Round "1"]
[White "SuperBlueSky"]
[Black "edgei33"]
[Result "0-1"]
[ICCResult "White forfeits on time"]
[WhiteElo "1285"]
[BlackElo "1488"]
[Opening "King's Indian: orthodox, Aronin-Taimanov, 9.Ne1"]
[ECO "E98"]
[NIC "KI.03"]
[Time "12:08:33"]
[TimeControl "600+3"]

1. d4 g6 2. c4 Bg7 3. Nc3 d6 4. e4 Nf6 5. Be2 O-O 6. Nf3 Nc6 7. O-O e5 8. d5
Ne7 9. Ne1 Ne8 10. Be3 f5 11. f3 f4 12. Bf2 Nf6 13. Nd3 g5 14. c5 h5 15. h3
Kh8 16. cxd6 cxd6 17. Rc1 Rg8 18. Be1 a6 19. Nf2 Bh6 20. Na4 b5 21. Nc3 Qe8
22. Nb1 Ra7 23. Bb4 Qd7 24. Qd3 g4 25. hxg4 hxg4 26. fxg4 Nh7 27. Qa3 Rg6
28. Nd2 Qd8 29. Nf3 a5 30. Bd2 b4 31. Bxb4 Bxg4 32. Nxg4 Qb6+ 33. Kh1 axb4
34. Qd3 Rxg4 35. Nxe5 Rh4+ 36. Qh3 Rxh3+ 37. gxh3 dxe5 38. Rfd1 Rxa2 39. d6
Nc6 40. d7 Nd8 {White forfeits on time} 0-1

[Event "ICC tourney 1904 (10 3)"]
[Site "Internet Chess Club"]
[Date "2020.07.05"]
[Round "1"]
[White "atippa"]
[Black "DankMemer"]
[Result "1-0"]
[ICCResult "Black checkmated"]
[WhiteElo "1377"]
[BlackElo "1273"]
[Opening "English: symmetrical, Benoni formation"]
[ECO "A31"]
[NIC "EO.46"]
[Time "12:08:41"]
[TimeControl "600+3"]

1. Nf3 Nf6 2. c4 c5 3. d4 cxd4 4. Nxd4 Nc6 5. Nc3 g6 6. e4 d6 7. Be2 Bg7 8.
Be3 O-O 9. O-O Bd7 10. Qd2 Qc7 11. b3 Rfc8 12. Bh6 a6 13. Bxg7 Kxg7 14. Nd5
Qd8 15. Rad1 Nxd5 16. exd5 Ne5 17. f4 Ng4 18. Bxg4 Bxg4 19. Rde1 Bd7 20. Kh1
b5 21. cxb5 axb5 22. Qe2 Kf8 23. f5 Ra6 24. fxg6 hxg6 25. Ne6+ Bxe6 26. dxe6
f6 27. Qg4 Kg7 28. Qe2 Rc5 29. Qd2 Qa5 30. b4 Qxa2 31. Qxa2 Rxa2 32. bxc5
dxc5 33. Rc1 c4 34. Rfd1 Ra3 35. Rd5 Rb3 36. Rd7 Kf8 37. Rd8+ Kg7 38. Re8 c3
39. Rxe7+ Kf8 40. Rc7 c2 41. R7xc2 Re3 42. Rb2 Rxe6 43. Rxb5 Kg7 44. Rb7+
Kh6 45. h3 Kg5 46. Kh2 f5 47. Rb4 Rf6 48. Rcc4 f4 49. Rb5+ Kh6 50. Kg1 g5
51. Kf2 Kh5 52. Rcc5 Rg6 53. Kf3 Kh4 54. Ra5 Kh5 55. g4+ fxg3 56. Kxg3 Kh6
57. Kg4 Rg7 58. Rxg5 Rb7 59. Ra6+ Kh7 60. Kh5 Rb3 61. h4 Rh3 62. Rh6#
{Black checkmated}
1-0

[Event "ICC tourney 1904 (10 3)"]
[Site "Internet Chess Club"]
[Date "2020.07.05"]
[Round "1"]
[White "capetarget"]
[Black "messyblaster"]
[Result "1/2-1/2"]
[ICCResult "Game drawn by repetition"]
[WhiteElo "1506"]
[BlackElo "1434"]
[Opening "Scandinavian (center counter) defense"]
[ECO "B01"]
[NIC "VO.17"]
[Time "12:08:34"]
[TimeControl "600+3"]

1. e4 d5 2. exd5 Qxd5 3. Nf3 Bg4 4. Be2 Nf6 5. Nc3 Qd6 6. O-O e6 7. d3 Be7
8. Be3 c6 9. Qd2 O-O 10. Bf4 Qd8 11. a4 Bd6 12. Bg3 Qc7 13. Qg5 h6 14. Qd2
Nbd7 15. d4 Rfd8 16. Rfd1 Nb6 17. a5 Nbd5 18. Nxd5 exd5 19. Ne5 Bxe2 20.
Qxe2 Re8 21. Qf3 Ne4 22. Nd3 Bxg3 23. hxg3 Re7 24. Ne5 Rae8 25. Re1 Re6 26.
c4 Nd2 27. Qc3 Ne4 28. Qc2 Nf6 29. b4 dxc4 30. Qxc4 Nd5 31. Rac1 f6 32. Nd3
Rxe1+ 33. Rxe1 Rxe1+ 34. Nxe1 Qe7 35. Nf3 Qxb4 36. Qa2 Kf8 37. Kh2 Ke7 38.
Qe2+ Kf7 39. Qa2 Ke7 40. Qe2+ Kd7 41. Qa2 Qd6 42. Kg1 c5 43. dxc5 Qxc5 44.
Kh2 Nc3 45. Qf7+ Qe7 46. Qc4 Ne4 47. Qd5+ Ke8 48. Qa2 a6 49. Qa4+ Kf8 50.
Qa2 Qc5 51. Kg1 Qc1+ 52. Kh2 Qc5 53. Kg1 Nc3 54. Qa1 Ne4 55. Qa2 Qb5 56.
Qa3+ Qc5 57. Qa2 {Game drawn by repetition} 1/2-1/2

[Event "ICC tourney 1904 (10 3)"]
[Site "Internet Chess Club"]
[Date "2020.07.05"]
[Round "1"]
[White "Ghostrook"]
[Black "Zwish"]
[Result "0-1"]
[ICCResult "White resigns"]
[WhiteElo "1329"]
[BlackElo "1092"]
[Opening "Sicilian: closed"]
[ECO "B23"]
[NIC "SI.44"]
[Time "12:08:27"]
[TimeControl "600+3"]

1. e4 c5 2. Nc3 e6 3. g3 a6 4. f4 d5 5. e5 d4 6. Ne4 b5 7. Bg2 Bb7 8. d3 Qc7
9. Ne2 Nd7 10. O-O Nh6 11. h3 Nb6 12. g4 Be7 13. N2g3 O-O-O 14. Bd2 Nd5 15.
Qe1 Qc6 16. f5 Rhf8 17. Nh5 exf5 18. gxf5 Rg8 19. Nf4 Kb8 20. Nxd5 Rxd5 21.
Ng3 c4 22. Bf4 Ka7 23. Qf2 Bh4 24. Kh2 Nxf5 25. a4 Qg6 26. axb5 Rxb5 27.
Bxb7 Rxb7 28. Qf3 cxd3 29. Qxd3 Nxg3 30. Bxg3 Qxd3 31. cxd3 Rxb2+ 32. Kh1
Bxg3 33. Rxf7+ Rb7 34. e6 Rxf7 35. exf7 Rf8 36. Rf1 Be5 37. Kg2 Bf6 38. Kf3
Rxf7 39. Ke4 Re7+ 40. Kd5 Re5+ 41. Kc6 Re3 42. Rb1 Rxd3 43. Rb7+ Ka8 44. Rd7
Rc3+ 45. Kb6 Rc8 46. Kxa6 Rd8 47. Ra7+ Kb8 48. Rf7 Kc8 49. Kb6 Rd6+ 50. Kc5
Rd7 51. Rf8+ Bd8 52. Rf2 d3 53. Rd2 Bg5 54. Rd1 d2 55. Kc4 Rc7+ 56. Kd3 Rc1
57. Ke2 Rxd1 58. Kxd1 Kd7 59. Ke2 Kd6 60. Kd1 Be3 61. Ke2 Kc5 62. Kd1 Kc4
63. Ke2 Kc3 64. Kd1 Bf4 65. h4 h5 {White resigns} 0-1

[Event "ICC tourney 1904 (10 3)"]
[Site "Internet Chess Club"]
[Date "2020.07.05"]
[Round "1"]
[White "Aidenrchess"]
[Black "atharvamchess"]
[Result "1-0"]
[ICCResult "Black checkmated"]
[WhiteElo "1468"]
[BlackElo "1262"]
[Opening "Giuoco Piano"]
[ECO "C50"]
[NIC "IG.02"]
[Time "12:08:18"]
[TimeControl "600+3"]

1. e4 e5 2. Nf3 Nc6 3. Bc4 Bc5 4. O-O Nf6 5. d3 d6 6. c3 O-O 7. a4 a5 8.
Nbd2 h6 9. Qc2 Be6 10. h3 Ba7 11. Re1 Bxc4 12. Nxc4 Re8 13. Be3 Bxe3 14.
Nxe3 Ne7 15. d4 Ng6 16. Nf5 Nd7 17. Rad1 Qf6 18. Kh2 Ne7 19. Ne3 c6 20. Ng4
Qe6 21. Rd2 f5 22. exf5 Qxf5 23. Qb3+ Kh8 24. dxe5 Nxe5 25. Ngxe5 dxe5 26.
Rxe5 Qf4+ 27. Kh1 Nd5 28. Rde2 Rxe5 29. Nxe5 Qf6 30. Qxb7 Rd8 31. Nf7+ Kh7
32. Nxd8 Qxd8 33. Qxc6 Nf4 34. Qe4+ Ng6 35. b4 axb4 36. cxb4 Qd1+ 37. Kh2
Qxa4 38. h4 Qa7 39. h5 Qc7+ 40. g3 Qd6 41. Qxg6+ Qxg6 42. hxg6+ Kxg6 43. b5
Kf6 44. b6 g5 45. b7 g4 46. b8=Q h5 47. Qd6+ Kg5 48. Re5# {Black checkmated}
1-0

[Event "ICC tourney 1904 (10 3)"]
[Site "Internet Chess Club"]
[Date "2020.07.05"]
[Round "1"]
[White "Xqpnc28"]
[Black "Viking21"]
[Result "0-1"]
[ICCResult "White forfeits on time"]
[WhiteElo "1309"]
[BlackElo "1532"]
[Opening "Alekhine's defense: modern, Larsen variation"]
[ECO "B04"]
[NIC "AL.05"]
[Time "12:08:29"]
[TimeControl "600+3"]

1. e4 Nf6 2. e5 Nd5 3. d4 d6 4. Nf3 dxe5 5. dxe5 Bg4 6. h3 Bh5 7. Be2 Nc6 8.
O-O e6 9. c4 Ndb4 10. a3 Na6 11. b4 Ne7 12. Nc3 c6 13. Bg5 Qc7 14. Qd6 Rd8
15. Qxc7 Nxc7 16. Rfd1 h6 17. Be3 b6 18. Ne4 Nf5 19. Rxd8+ Kxd8 20. Rd1+ Kc8
21. Nd6+ Bxd6 22. exd6 Na6 23. g4 Nxe3 24. fxe3 Bg6 25. Ne5 Nb8 26. Bf3 c5
27. b5 a5 28. d7+ Kc7 29. Bc6 h5 30. g5 h4 31. a4 Bh5 32. Rd2 f6 33. Nd3 Rd8
34. e4 Nxc6 35. bxc6 Kxc6 36. Nf2 Rxd7 {White forfeits on time} 0-1

[Event "ICC tourney 1904 (10 3)"]
[Site "Internet Chess Club"]
[Date "2020.07.05"]
[Round "1"]
[White "PawnPower17"]
[Black "wolfemonster"]
[Result "1-0"]
[ICCResult "Black forfeits on time"]
[WhiteElo "1482"]
[BlackElo "1316"]
[Opening "Nimzovich-Larsen attack: classical variation"]
[ECO "A01"]
[NIC "VO.08"]
[Time "12:08:31"]
[TimeControl "600+3"]

1. b3 d5 2. Bb2 c5 3. e3 Nc6 4. f4 e6 5. Nf3 Nf6 6. Be2 Be7 7. O-O O-O 8.
Ne5 Bd7 9. d3 a5 10. a4 Qc7 11. Nd2 Rfd8 12. Rf3 d4 13. Nxd7 Rxd7 14. e4 Nb4
15. Nc4 Rb8 16. Qd2 b5 17. axb5 Rxb5 18. Rg3 Nc6 19. Ba3 Qa7 20. Ne5 Rc7 21.
Nf3 Qa8 22. Ng5 Ra7 23. Rf1 a4 24. bxa4 Rxa4 25. Bc1 Ra2 26. f5 exf5 27.
Rxf5 Qa4 28. Bd1 Qa7 29. e5 Nd5 30. Nxf7 Ne3 31. Nh6+ Kh8 32. Qf2 Rb8 33.
Rxg7 Nxf5 34. Nxf5 Rf8 35. Qg3 {Black forfeits on time} 1-0

[Event "ICC tourney 1904 (10 3)"]
[Site "Internet Chess Club"]
[Date "2020.07.05"]
[Round "1"]
[White "mathewjiang"]
[Black "Oliver0731"]
[Result "1-0"]
[ICCResult "Black resigns"]
[WhiteElo "1194"]
[BlackElo "1280"]
[Opening "Queen's pawn game"]
[ECO "E10"]
[NIC "QI.01"]
[Time "12:08:29"]
[TimeControl "600+3"]

1. d4 Nf6 2. c4 e6 3. Nf3 d5 4. e3 Be7 5. Be2 O-O 6. O-O c5 7. Nc3 Nc6 8. b3
cxd4 9. Nxd4 Nxd4 10. Qxd4 b6 11. Bb2 Bc5 12. Qd2 Bb7 13. Rfd1 Qc7 14. Rac1
dxc4 15. bxc4 Rfd8 16. Qc2 Bd6 17. Nb5 Qe7 18. Nxd6 Rxd6 19. Rxd6 Qxd6 20.
Bxf6 gxf6 21. Rd1 Qc5 22. Qc3 Qg5 23. Bf1 Qg4 24. Rd4 Qg6 25. Qd2 Bc6 26.
Rd8+ Rxd8 27. Qxd8+ Kg7 28. Qc7 Be4 29. Qxa7 Bb1 30. Qxb6 Bxa2 31. Qd4 e5
32. Qd3 e4 33. Qd4 Bb1 34. g3 Bd3 35. Bxd3 exd3 36. Qc3 Qe4 37. c5 Qd5 38.
Qd2 Kf8 39. h3 Qc4 40. Kf1 Ke7 41. f3 Ke6 42. Kf2 Kd5 43. e4+ Ke5 44. Qf4+
Ke6 45. Qd2 Qxc5+ 46. Kf1 Ke5 47. Qxd3 Qc1+ 48. Kf2 Qb2+ 49. Qe2 Qd4+ 50.
Qe3 Qc4 51. f4+ Ke6 52. Kf3 Qc6 53. Qd4 h5 54. f5+ Ke7 55. Kf4 Qc7+ 56. e5
fxe5+ 57. Qxe5+ Qxe5+ 58. Kxe5 f6+ 59. Kd5 Kf7 60. Kd6 Kf8 61. Ke6 Kg7 62.
h4 Kf8 63. Kxf6 {Black resigns} 1-0

[Event "ICC tourney 1904 (10 3)"]
[Site "Internet Chess Club"]
[Date "2020.07.05"]
[Round "1"]
[White "pipandchuk"]
[Black "Grinch81"]
[Result "1-0"]
[ICCResult "Black checkmated"]
[WhiteElo "1434"]
[BlackElo "1114"]
[Opening "R?ti opening"]
[ECO "A05"]
[NIC "QP.11"]
[Time "12:08:36"]
[TimeControl "600+3"]

1. Nf3 Nf6 2. d3 d5 3. g3 c6 4. Bg2 Bg4 5. O-O Nbd7 6. c4 dxc4 7. dxc4 e5 8.
Nc3 Be7 9. Be3 O-O 10. Qc2 h6 11. Rad1 Qc7 12. Rd2 Be6 13. b3 Ng4 14. Nd1
Bb4 15. h3 Nxe3 16. Nxe3 Bxd2 17. Nxd2 Rad8 18. Ne4 f5 19. Nc3 f4 20. Ng4
Bxg4 21. hxg4 fxg3 22. Qg6 Rf6 23. Qh5 gxf2+ 24. Kh1 Nf8 25. Ne4 Rf7 26. g5
Rf5 27. Bh3 Rf4 28. Rxf2 Rxf2 29. Nxf2 Qf7 30. Qxf7+ Kxf7 31. gxh6 gxh6 32.
Ne4 b6 33. Kg2 Ng6 34. Bg4 Rd4 35. Kf3 Rd1 36. Bh5 Rh1 37. Ng3 Ra1 38. Nf5
Kf6 39. Nxh6 Rxa2 40. Ng4+ Kf5 41. Bxg6+ Kxg6 42. Nxe5+ Kf5 43. Nxc6 a5 44.
e4+ Ke6 45. Ke3 Kd6 46. Nd4 Ra1 47. Kd3 Rd1+ 48. Kc3 Ke5 49. Nc6+ Kxe4 50.
Na7 Rd3+ 51. Kc2 Rh3 52. Nb5 Ke5 53. Kd2 Ke6 54. Kc2 Kd7 55. Kb2 Kc6 56. Kc2
Kc5 57. Nc7 Rh6 58. Kb2 Kb4 59. Na6# {Black checkmated} 1-0

[Event "ICC tourney 1904 (10 3)"]
[Site "Internet Chess Club"]
[Date "2020.07.05"]
[Round "1"]
[White "PearsonH"]
[Black "hanslaw"]
[Result "1-0"]
[ICCResult "Black checkmated"]
[WhiteElo "1391"]
[BlackElo "1199"]
[Opening "Queen's pawn, Mason variation"]
[ECO "D00"]
[NIC "QP.08"]
[Time "12:08:33"]
[TimeControl "600+3"]

1. d4 d5 2. Bf4 Bf5 3. e3 e6 4. Bd3 Bxd3 5. Qxd3 Nf6 6. Nd2 Nbd7 7. Ngf3 c5
8. c3 Rc8 9. h3 cxd4 10. exd4 Be7 11. Ne5 h6 12. O-O O-O 13. Rfe1 Bd6 14.
Nxf7 Rxf7 15. Bxd6 Qb6 16. Ba3 Re8 17. Nf3 Qc7 18. Re2 Nh7 19. Rae1 Nhf8 20.
Ne5 Nxe5 21. Rxe5 Rf6 22. R5e3 a6 23. Rf3 Qf7 24. Rxf6 Qxf6 25. Re3 Qd8 26.
Qe2 Qd7 27. Bxf8 Kxf8 28. Qd3 Kg8 29. Qg6 Qf7 30. Qxf7+ Kxf7 31. Kf1 Kf6 32.
Ke2 Kg6 33. f4 Kf5 34. Kf3 Rf8 35. g4+ Kf6 36. Re5 Ke7 37. f5 g6 38. Rxe6+
Kd7 39. Rxg6 h5 40. Kf4 hxg4 41. hxg4 Ke7 42. Rg7+ Rf7 43. Rxf7+ Kxf7 44.
Ke5 b5 45. Kxd5 Kf6 46. Ke4 a5 47. b3 b4 48. c4 Ke7 49. Ke5 Kd8 50. Kd6 Ke8
51. Ke6 Kf8 52. f6 Ke8 53. f7+ Kf8 54. d5 a4 55. bxa4 b3 56. axb3 Kg7 57.
Ke7 Kh6 58. f8=Q+ Kh7 59. Qf5+ Kh8 60. Qg5 Kh7 61. Kf7 Kh8 62. Qg7#
{Black checkmated}
1-0

[Event "ICC tourney 1904 (10 3)"]
[Site "Internet Chess Club"]
[Date "2020.07.05"]
[Round "1"]
[White "MGrei"]
[Black "saisneha"]
[Result "0-1"]
[ICCResult "White resigns"]
[WhiteElo "1283"]
[BlackElo "1401"]
[Opening "Ruy Lopez: closed, 9.d4"]
[ECO "C91"]
[NIC "RL.20"]
[Time "12:08:24"]
[TimeControl "600+3"]

1. e4 e5 2. Nf3 Nc6 3. Bb5 a6 4. Ba4 Nf6 5. O-O Be7 6. Re1 b5 7. Bb3 d6 8.
c3 O-O 9. d4 Bb7 10. Bg5 h6 11. Bh4 Re8 12. Nbd2 Bf8 13. Bc2 g6 14. Nb3 Bg7
15. dxe5 Nxe5 16. Nxe5 dxe5 17. Nc5 Bc6 18. b3 Qe7 19. b4 a5 20. Bb3 axb4
21. cxb4 Rad8 22. Qc2 Rd4 23. Rad1 Red8 24. f3 g5 25. Bf2 R4d6 26. Rxd6 Rxd6
27. Rd1 Nd7 28. Nd3 Qd8 29. Rc1 Nf8 30. Nc5 Rd2 31. Qc3 Ng6 32. Be3 Rd6 33.
a3 Nf4 34. Bxf4 exf4 35. Qc2 Bd4+ 36. Kh1 Be3 37. Rd1 Bxc5 38. bxc5 Rxd1+
39. Qxd1 Qxd1+ 40. Bxd1 Kg7 41. Bb3 Kf6 42. Kg1 Be8 43. Kf2 Ke5 44. g3 Kd4
45. gxf4 gxf4 46. Kg2 Kxc5 47. Kh3 Kd4 48. Kg4 Ke3 49. h4 Bd7+ 50. Kh5 Kxf3
51. Kxh6 Kxe4 52. Bxf7 f3 53. Bg6+ Ke3 54. Kg5 f2 55. h5 f1=Q 56. h6 Qf8 57.
h7 Qh8 58. Kh5 c5 59. Kg5 c4 60. Kh5 c3 61. Kg5 Be8 {White resigns} 0-1

[Event "ICC tourney 1904 (10 3)"]
[Site "Internet Chess Club"]
[Date "2020.07.05"]
[Round "2"]
[White "CastledQueen"]
[Black "christopherelam"]
[Result "1-0"]
[ICCResult "Black checkmated"]
[WhiteElo "1487"]
[BlackElo "1276"]
[Opening "French: advance variation"]
[ECO "C02"]
[NIC "FR.03"]
[Time "12:41:08"]
[TimeControl "600+3"]

1. e4 e6 2. d4 d5 3. e5 c5 4. c4 dxc4 5. Bxc4 cxd4 6. Nf3 Nc6 7. O-O Nge7 8.
Bf4 Nf5 9. Nbd2 Be7 10. Ne4 O-O 11. a3 b6 12. Qd3 Bb7 13. Rad1 Qd7 14. g4
Nh4 15. Nxh4 Bxh4 16. Qh3 Be7 17. Bd3 g6 18. Nf6+ Bxf6 19. exf6 Qd5 20. Qh6
Qh1+ 21. Kxh1 Ne5+ 22. f3 Bxf3+ 23. Rxf3 Nxf3 24. Qg7# {Black checkmated}
1-0

[Event "ICC tourney 1904 (10 3)"]
[Site "Internet Chess Club"]
[Date "2020.07.05"]
[Round "2"]
[White "Sanyi9Pakh"]
[Black "ivo20"]
[Result "1-0"]
[ICCResult "Black resigns"]
[WhiteElo "1558"]
[BlackElo "1299"]
[Opening "Queen's pawn"]
[ECO "A40"]
[NIC "QO.17"]
[Time "12:41:04"]
[TimeControl "600+3"]

1. d4 h6 2. c4 a6 3. g3 e6 4. Bg2 d5 5. Nc3 dxc4 6. a4 c6 7. Nf3 Bb4 8. Ne5
Bxc3+ 9. bxc3 Nf6 10. O-O b5 11. axb5 Bb7 12. bxc6 Nxc6 13. Nxc6 Qc7 14. Qa4
O-O 15. Bf4 Qd7 16. Rfb1 Rab8 17. Bxb8 Nd5 18. Bxd5 exd5 19. Na5 Qxa4 20.
Rxa4 Bc8 21. Nc6 h5 22. Ne7+ Kh7 23. Nxc8 Rxc8 24. Rxa6 g6 25. Rb7 Kg8 26.
Raa7 Rd8 27. Be5 {Black resigns} 1-0

[Event "ICC tourney 1904 (10 3)"]
[Site "Internet Chess Club"]
[Date "2020.07.05"]
[Round "2"]
[White "blackmanrook"]
[Black "NamanSingh283"]
[Result "0-1"]
[ICCResult "White resigns"]
[WhiteElo "1660"]
[BlackElo "1738"]
[Opening "Dunst (Sleipner, Heinrichsen) opening"]
[ECO "A00"]
[NIC "VO.15"]
[Time "12:40:57"]
[TimeControl "600+3"]

1. Nc3 d5 2. e4 d4 3. Nce2 c5 4. f4 Nc6 5. Nf3 Bg4 6. h3 Bxf3 7. gxf3 e5 8.
h4 Be7 9. Bh3 Bxh4+ 10. Kf1 d3 11. cxd3 Nge7 12. Qb3 O-O 13. f5 Nd4 14. Nxd4
Qxd4 15. Rh2 Nc6 16. Rg2 Nb4 17. a3 Nxd3 18. Ke2 Nf4+ 19. Kd1 Nxg2 20. d3
Rfd8 21. Kc2 c4 22. dxc4 Qd1+ 23. Kc3 Rd3+ {White resigns} 0-1

[Event "ICC tourney 1904 (10 3)"]
[Site "Internet Chess Club"]
[Date "2020.07.05"]
[Round "2"]
[White "MonkeyTown"]
[Black "albli"]
[Result "0-1"]
[ICCResult "White resigns"]
[WhiteElo "1350"]
[BlackElo "1516"]
[Opening "Colle system"]
[ECO "D05"]
[NIC "QP.06"]
[Time "12:41:49"]
[TimeControl "600+3"]

1. d4 Nf6 2. Nf3 e6 3. e3 d5 4. Bd3 c5 5. c3 Nc6 6. Nbd2 Be7 7. O-O O-O 8.
Qe2 b6 9. e4 dxe4 10. Nxe4 cxd4 11. Nxf6+ Bxf6 12. Qe4 g6 13. Qxc6 dxc3 14.
bxc3 Qxd3 15. Qxa8 Ba6 16. Qxf8+ Kxf8 17. Bd2 Bb7 18. Rad1 Qe4 19. Rfe1 Qg4
20. Kh1 Bxf3 21. gxf3 Qxf3+ 22. Kg1 Bh4 23. Bh6+ Ke7 24. Be3 Qg4+ 25. Kh1
Qf3+ 26. Kg1 Bf6 27. Bd4 Qg4+ 28. Kh1 Qf3+ 29. Kg1 Bxd4 30. Rxd4 Qxc3 31.
Red1 Qc7 {White resigns} 0-1

[Event "ICC tourney 1904 (10 3)"]
[Site "Internet Chess Club"]
[Date "2020.07.05"]
[Round "2"]
[White "Jeffchess"]
[Black "LeGoat"]
[Result "1-0"]
[ICCResult "Black resigns"]
[WhiteElo "1322"]
[BlackElo "1630"]
[Opening "Sicilian"]
[ECO "B50"]
[NIC "SI.01"]
[Time "12:40:53"]
[TimeControl "600+3"]

1. e4 c5 2. Nf3 d6 3. e5 dxe5 4. Nxe5 Qc7 5. d4 cxd4 6. Bf4 Qa5+ 7. Qd2 Qb6
8. Nc4 Qc5 9. b4 Qd5 10. Ne3 Qe4 11. Bb5+ Nc6 12. Bxc6+ bxc6 13. O-O Qxf4
14. Nc4 Qxd2 15. Nbxd2 Ba6 16. Rad1 O-O-O 17. Rfe1 Nf6 18. Ne5 Rg8 19. Ndf3
Nd5 20. Nxc6 Rd7 21. Nfe5 Rb7 22. Rxd4 e6 23. a3 Bd6 24. c4 Bxe5 25. Nxe5
Nf6 26. c5 Nd5 27. c6 Rc7 28. a4 Kd8 29. b5 Bc8 30. f4 Ke7 31. f5 Kf6 32.
fxe6 fxe6 33. h4 g5 34. Ng4+ Kg6 35. h5+ Kf5 36. Nh6+ {Black resigns} 1-0

[Event "ICC tourney 1904 (10 3)"]
[Site "Internet Chess Club"]
[Date "2020.07.05"]
[Round "2"]
[White "Chessmasterrus"]
[Black "PawnPower17"]
[Result "1-0"]
[ICCResult "Black resigns"]
[WhiteElo "1569"]
[BlackElo "1422"]
[Opening "King's pawn opening"]
[ECO "B07"]
[NIC "VO.17"]
[Time "12:41:11"]
[TimeControl "600+3"]

1. e4 d6 2. Nf3 Nf6 3. d4 Nxe4 4. Bd3 Nf6 5. O-O Bg4 6. h3 Bh5 7. Bg5 Nbd7
8. Re1 e6 9. c4 Be7 10. Nbd2 c6 11. Qc2 Bg6 12. b4 Bxd3 13. Qxd3 O-O 14. a4
d5 15. c5 b6 16. Bf4 a5 17. bxa5 bxc5 18. Ne5 Nxe5 19. Bxe5 c4 20. Qg3 Kh8
21. Nf3 Bd6 22. Bxd6 Ne4 23. Rxe4 {Black resigns} 1-0